 Dungeon Crawl Stone Soup version 0.24-a0-170-gd8427f5 (webtiles) character file.

Game seed: 11958730108751860899

137 Dfrag the Grave Robber (level 5, -3/42 HPs)
             Began as a Deep Dwarf Necromancer on Mar 10, 2019.
             Was a Follower of Makhleb.
             Slain by a hobgoblin
             ... wielding a +0 club
             ... led by Robin
              (8 damage)
             ... on level 3 of the Dungeon.
             The game lasted 00:05:51 (2466 turns).

Dfrag the Grave Robber (Deep Dwarf Necromancer)     Turns: 2466, Time: 00:05:51

Health: -3/42      AC:  2    Str: 11    XL:     5   Next: 0%
Magic:  6/10       EV: 12    Int: 17    God:    Makhleb [*.....]
Gold:   200        SH:  0    Dex: 13    Spells: 7/11 levels left

rFire    . . .     SeeInvis .   n - +1 hand axe (chop)
rCold    . . .     Gourm    .   (no shield)
rNeg     . . .     Faith    .   a - +0 robe
rPois    .         Spirit   .   (no helmet)
rElec    .         Reflect  .   (no cloak)
rCorr    .         Harm     .   (no gloves)
MR       .....                  (no boots)
Stlth    ++........             (no amulet)
HPRegen  0.00/turn              (no ring)
MPRegen  0.12/turn              (no ring)

@: non-regenerating
A: damage resistance, heal wounds, sense surroundings 1, no regeneration
a: Heal Wounds, Renounce Religion


You were on level 3 of the Dungeon.
You worshipped Makhleb.
Makhleb was aware of your devotion.
You were very hungry.

You visited 1 branch of the dungeon, and saw 4 of its levels.

You collected 200 gold pieces.

Inventory:

Hand Weapons
 d - a +0 hand axe
 n - a +1 hand axe of chopping (weapon)
Armour
 a - a +0 robe (worn)
Jewellery
 o - a cursed ring of teleportation {unknown}
Scrolls
 e - 3 scrolls of remove curse {unknown}
 f - 3 scrolls of identify {unknown}
 i - a scroll of enchant armour {unknown}
 p - a scroll of immolation {unknown}
 q - a scroll of amnesia {unknown}
Potions
 b - a potion of berserk rage
 g - 2 potions of flight {unknown}
 h - 2 potions of cancellation {unknown}
 j - 2 potions of curing {unknown}
 k - a potion of heal wounds {unknown}
 l - 2 potions of mutation {unknown}
 m - a potion of agility {unknown}
Comestibles
 c - 2 rations


   Skills:
 - Level 2.1 Dodging
 - Level 2.4 Stealth
 * Level 3.7 Spellcasting
 + Level 5.3 Necromancy


You had 7 spell levels left.
You knew the following spells:

 Your Spells              Type           Power        Failure   Level  Hunger
a - Pain                  Necr           ###.         1%          1    None
b - Vampiric Draining     Necr           ###.......   5%          3    ###....

Your spell library contained the following spells:

 Spells                   Type           Power        Failure   Level  Hunger
 Animate Skeleton         Necr           N/A          1%          1    None
 Animate Dead             Necr           N/A          19%         4    ####...
 Regeneration             Chrm/Necr      Unusable     N/A         3    N/A

Dungeon Overview and Level Annotations

Branches:
Dungeon (4/15)
 Temple: D:4-7

Altars:
Makhleb
Nemelex Xobeh
Xom

Annotations:
D:4 Robin


Innate Abilities, Weirdness & Mutations

You are resistant to damage.
You can heal yourself by infusing magical energy.
You passively map a small area around you.
You do not regenerate.


Message History

The hobgoblin closely misses you. The goblin hits you with a +0 club.
* * * LOW HITPOINT WARNING * * *
You climb upwards.
You are feeling very hungry.
There is a stone staircase leading down here.
Unknown command.
Casting: Vampiric Draining (safe; 5% risk of failure)
Confirm with . or Enter, or press ? or * to list all spells.
Aiming: Vampiric Draining (safe; 5% risk of failure)
Press: ? - help, Shift-Dir - straight line, f - goblin
Aim: a goblin, wielding a -3 dagger (almost dead, unusually strong)
You kill the goblin!
Makhleb accepts your kill.
You have reached level 5!
You feel life coursing into your body. The goblin hits you but does no damage.
The goblin hits you.
* * * LOW HITPOINT WARNING * * *
The goblin hits you. The goblin barely misses you.
The hobgoblin hits you with a +0 club!
You die...

.....###############
...................#
...................######
..............รท.........###
#......).(.(..####.#..###.#
........<...(.##........#.####
..............#....#....#....#
..............#gg#...#..#.####
#...###.#.....#g@#........#
##.####.#.....#ggg......#.#
........#.....#.###....##.#
...#..#.###.......)....##.######
...#..#.###....#...............#
<........##....#..........####.#
...#..#..##....#(...#####.# #.##
...#................# #.# #...
..##..#..###...((##.#####.####.##


You could see a hobgoblin and 5 goblins.

Vanquished Creatures
  Terence (D:2)
  An adder (D:2)
  An ooze (D:1)
  A worm (D:2)
  A dart slug (D:1)
  A leopard gecko (D:3)
  7 orcs (D:3)
  4 giant cockroaches
  8 goblins
  10 hobgoblins
  8 jackals
  8 kobolds
  3 ball pythons
  14 bats
  A frilled lizard (D:3)
  14 rats
83 creatures vanquished.

Notes
Turn   | Place    | Note
-------+----------+-------------------------------------------
     0 | D:1      | Dfrag the Deep Dwarf Necromancer began the quest for the
                  | Orb.
     0 | D:1      | Reached XP level 1. HP: 15/15 MP: 3/3
   139 | D:1      | Reached XP level 2. HP: 2/22 MP: 0/5
   437 | D:1      | Reached XP level 3. HP: 24/28 MP: 0/7
   528 | D:1      | Learned a level 3 spell: Vampiric Draining
   738 | D:2      | Found a burning altar of Makhleb.
   753 | D:2      | Became a worshipper of Makhleb the Destroyer
   931 | D:2      | Found a sparkling altar of Nemelex Xobeh.
   932 | D:2      | Found a shimmering altar of Xom.
  1007 | D:2      | Noticed Terence
  1024 | D:2      | Killed Terence
  1024 | D:2      | Reached skill level 5 in Necromancy
  1024 | D:2      | Reached XP level 4. HP: 25/36 MP: 0/8
  1734 | D:3      | Reached * piety under Makhleb
  2457 | D:4      | Noticed Robin
  2466 | D:3      | Reached XP level 5. HP: 6/42 MP: 6/10
  2466 | D:3      | Slain by a hobgoblin

Levels and vault maps discovered:
D:1:      nzn_arrival_depleted_hourglass, layout_rooms, minmay_unequal
D:2:      layout_loops_ring, gammafunk_temple_overflow_pools,
          lemuel_coloured_pillars_altar, kennysheep_generic_room_13,
          uniq_terence
D:3:      layout_basic
D:4:      layout_cave_pods, uniq_robin

Skill      XL: |  1  2  3 |
---------------+----------+-----
Spellcasting   | 2 3 |  3.7
Necromancy     | 5 |  5.3
Dodging        | |  2.1
Stealth        | |  2.4

Action                   |  1- 3 |  4- 6 || total
-------------------------+-------+-------++-------
Melee: Hand axe          |    50 |    47 ||    97
       Unarmed           |    10 |       ||    10
 Cast: Pain              |    67 |    29 ||    96
       Vampiric Draining |     1 |    15 ||    16
 Abil: Heal Wounds       |     1 |       ||     1
 Stab: Sleeping          |     1 |       ||     1
  Eat: Chunk             |     1 |     5 ||     6
Armor: Robe              |    23 |    19 ||    42
Dodge: Dodged            |    71 |    67 ||   138

Table legend:
 A = Non-vault XP
 B = Vault XP
 C = Vault XP percentage of total XP
 D = Non-vault monster count
 E = Vault monster count
 F = Vault count percentage of total count
                 A         B        C        D         E       F
            +---------+---------+-------+---------+---------+-------
      Total |     147 |      49 |  25.0 |      75 |       8 |   9.6
            +---------+---------+-------+---------+---------+-------
        D:1 |      45 |       7 |  13.5 |      25 |       4 |  13.8
        D:2 |      43 |      36 |  45.6 |      18 |       1 |   5.3
        D:3 |      59 |       2 |   3.3 |      32 |       1 |   3.0
        D:4 |       0 |       4 | 100.0 |       0 |       2 | 100.0
            +---------+---------+-------+---------+---------+-------
